[Event "5th Sharjah Masters 2022"]
[Site "Sharjah"]
[Date "2022.05.27"]
[Round "7.26"]
[White "Badelka, Olga"]
[Black "Adly, Ahmed"]
[Result "0-1"]
[ECO "E48"]
[WhiteElo "2453"]
[BlackElo "2596"]
[Annotator "TA"]
[PlyCount "82"]
[EventDate "2022.05.21"]
[EventType "swiss"]
[EventCountry "UAE"]
[SourceTitle "playchess.com"]
[Source "ChessBase"]
[SourceQuality "1"]
[TimeControl "5400+30"]

1. d4 Nf6 2. c4 e6 3. Nc3 Bb4 4. e3 O-O 5. Bd3 d5 6. cxd5 exd5 7. Nge2 c5 8. a3 cxd4 9. axb4 dxc3 10. bxc3 {[%emt 0:00:09] E48: Nimzo-Indian: Rubinstein: 5 Bd3 d5 including 6 Ne2, but excluding 6 a3.} Nc6 11. O-O Ne5 12. Bc2 {[%emt 0:03:02][%cal Oe3e4] The position is equal.} Qc7 13. f3 Bd7 14. Qd4 {[%emt 0:09:32] [#]} Rfc8 $146 ({Predecessor:} 14... Bb5 15. Rf2 Bxe2 16. Rxe2 a6 17. Bb3 Rad8 18. Bd2 Nc6 19. Qd3 Ne5 20. Qf5 Nc4 {½-½ (41) Gurevich,D (2545)-Unzicker,W (2455) Beersheba 1984}) 15. Bd2 (15. Rxa7 Nc6 16. Rxa8 Nxd4 17. Rxc8+ Qxc8 $17) 15... Bb5 16. Rfe1 Nc4 17. Bf5 Re8 18. Bc1 a6 19. Qf4 Qxf4 20. Nxf4 Nd6 21. Bh3 g5 22. Ne2 h5 23. g3 $1 g4 $36 {[%emt 0:00:03][%mdl 2048] [#] ...Bxe2 is the strong threat. Black has good play.} 24. fxg4 {[%emt 0:00:07] Black continues to play with concentration.} (24. Bg2 $15) 24... hxg4 25. Bg2 Bxe2 26. Rxe2 Nfe4 27. Bb2 ({White should play} 27. Bxe4 Nxe4 28. Bb2) 27... Nc4 $17 {[%emt 0:00:19] Pair of Knights!} 28. Rd1 {[%emt 0:04:13] [#]} Rad8 {[%emt 0:00:27] Black is much more active.} 29. Rd4 (29. Rf1 $17) 29... f5 $19 30. Bc1 b5 ({Weaker is} 30... Nxc3 31. Rf2 $17) (30... Kf7 $19 31. Ra2 Rh8) 31. Re1 (31. h3 $17) 31... Kf7 ({But not} 31... Nxc3 $2 32. Bf1) 32. Bxe4 fxe4 ({And not} 32... dxe4 33. Red1 Rc8 34. Rd5) 33. Rf1+ (33. Re2 {was worth a try.}) 33... Ke6 34. Rf4 Ne5 35. Rd1 Rh8 {[%emt 0:00:06] White must now prevent ...Nf3+.} 36. Kg2 (36. Rf2) 36... Rh3 {[%emt 0:00:58] aiming for ...Rdh8. Black is clearly winning.} 37. c4 bxc4 38. Rxe4 (38. Bb2 $142 Nf3 39. Rh1) 38... dxe4 39. Rxd8 Nf3 40. b5 Rxh2+ 41. Kf1 Rh1+ {[%emt 0:00:49] Weighted Error Value: White=0.54/Black=0.05 (flawless)} 0-1

[Event "5th Sharjah Masters 2022"]
[Site "Sharjah"]
[Date "2022.05.27"]
[Round "7.27"]
[White "Mastrovasilis, Dimitrios"]
[Black "Gharibyan, Mamikon"]
[Result "1-0"]
[ECO "C89"]
[WhiteElo "2613"]
[BlackElo "2487"]
[Annotator "TA"]
[PlyCount "93"]
[EventDate "2022.05.21"]
[EventType "swiss"]
[EventCountry "UAE"]
[SourceTitle "playchess.com"]
[Source "ChessBase"]
[SourceQuality "1"]
[TimeControl "5400+30"]

1. e4 e5 2. Nf3 Nc6 3. Bb5 a6 4. Ba4 Nf6 5. O-O Be7 6. Re1 b5 7. Bb3 O-O 8. c3 d5 9. d4 exd4 10. e5 {[%emt 0:00:29] C89: Closed Ruy Lopez: Marshall Attack.} Ne4 11. cxd4 Bf5 {[%emt 0:06:10] 11...Bf5 is better than 11...Bg4.} 12. Nc3 {[%emt 0:00:25] The position is equal.} Nxc3 13. bxc3 Na5 {[%emt 0:03:11][%cal Bc6a5,Ba5c4,Bc4a3,Ba3b5,Bb5c3,Bc3a2][%mdl 32] 13...Qd7 is not played anymore.} 14. Bc2 Bxc2 15. Qxc2 Nc4 16. Bf4 $5 {[%emt 0:20:15][%mdl 4] Leaves trodden paths.} a5 {[%emt 0:06:28] [#]} 17. Nd2 $146 ({Predecessor:} 17. Rad1 Ra6 18. g3 Qd7 19. Kg2 Rfa8 20. Re2 Rc6 21. Qb1 Rg6 22. h4 Raa6 23. Ng5 {1-0 (35) Azarov,S (2604)-Shuvalova,P (2476) Cheliabinsk 2021}) 17... Qd7 18. Rad1 Na3 19. Qd3 Qg4 20. g3 Qg6 21. Qf3 (21. Qxg6 $11 {feels stronger.} hxg6 22. Rc1) 21... b4 $15 22. Rc1 Nb5 (22... c6 $5 23. Red1 Nb5 $11) 23. Qxd5 Nxc3 24. Qc4 Qe6 25. Qxe6 fxe6 26. Ne4 Nxa2 27. Rxc7 Bd8 (27... Rf7 $1 $17 {Strongly threatening ...a4.} 28. Rc6 a4 29. Rxe6 b3) 28. Rb7 (28. Rc4 $1 $11 {remains equal.}) 28... Rf7 29. Rb5 Rd7 (29... a4 $1 $17 {Hoping for ...b3.} 30. Nc5 b3) 30. Be3 (30. Ra1 $1 $11 {keeps the balance.} Nc3 31. Nxc3 bxc3 32. Be3) 30... Rc7 (30... Nc3 $6 31. Nxc3 bxc3 32. Ra1 $11) (30... a4 $1 $17 {...b3 is the strong threat.} 31. Nc5 Re7) 31. Ra1 $1 $36 {[%emt 0:01:08][%mdl 2048] White has the initiative.} Rc2 32. Nc5 Be7 33. Nxe6 {[%emt 0:00:47] Threatens to win with Rb7.} Nc3 $2 (33... Kf7 $14 34. Nf4 Nc3) 34. Rb7 $18 ({Don't go for} 34. Raxa5 $2 Rxa5 35. Rxa5 b3 $19) 34... Nd5 {[%emt 0:00:30] [#]} 35. Nf4 $1 Nxf4 (35... Rc7 {was called for.}) 36. gxf4 ({Inferior is} 36. Rxe7 Nd5 37. Rb7 a4 $15) ({Don't take} 36. Bxf4 $6 g5 $16) 36... Bf8 37. d5 a4 38. d6 b3 {[%emt 0:00:40] [#]} 39. d7 (39. Kg2 $1 $18) 39... Be7 $2 {[%emt 0:00:38] This move loses the game for Black.} (39... b2 $16 40. Rxa4 Rd8) 40. Rxb3 axb3 $2 (40... Kf7) 41. Rxa8+ {[%emt 0:00:06][%mdl 4096] Endgame KRB-KRB. White is clearly winning.} Kf7 42. d8=Q Bxd8 43. Rxd8 b2 44. Rd1 Ke6 45. Kg2 Kf5 46. Kf3 h6 47. Rb1 {[%emt 0:01:35] Weighted Error Value: White=0.17 (very precise) /Black=0.35} 1-0

[Event "5th Sharjah Masters 2022"]
[Site "Sharjah"]
[Date "2022.05.27"]
[Round "7.28"]
[White "Kadric, Denis"]
[Black "Nikolov, Momchil"]
[Result "1/2-1/2"]
[ECO "B43"]
[WhiteElo "2576"]
[BlackElo "2454"]
[Annotator "TA"]
[PlyCount "142"]
[EventDate "2022.05.21"]
[EventType "swiss"]
[EventCountry "UAE"]
[SourceTitle "playchess.com"]
[Source "ChessBase"]
[SourceQuality "1"]
[TimeControl "5400+30"]

1. e4 c5 2. Ne2 e6 3. Nbc3 a6 4. g3 b5 5. d4 cxd4 6. Nxd4 Bb7 7. Bg2 Nf6 8. a3 d6 {[%emt 0:07:55] B43: Sicilian: Kan Variation: 5 Nc3.} 9. O-O Nbd7 10. Re1 Qc7 $1 11. a4 b4 12. Na2 Nc5 $1 {[%emt 0:04:17][%csl LRa4,LRe4] [#]} 13. c3 $146 ({Predecessor:} 13. f3 e5 14. Nf5 a5 15. c4 h6 16. b3 g6 17. Ne3 h5 18. Nd5 Nxd5 19. cxd5 {0-1 (47) Simonian,H (2445)-Korneev,O (2598) Sareyn 2017}) 13... b3 14. Nxb3 Ncxe4 15. a5 Be7 16. Qd4 d5 17. Bf4 {[%emt 0:00:20] Inhibits e5.} Qc8 18. Rac1 Nc5 (18... O-O $11) 19. Nd2 (19. Nxc5 $14 Bxc5 20. Qd3) 19... O-O $11 20. b4 Nce4 (20... Nfe4 {with more complications.} 21. bxc5 Bxc5 22. Rxe4 Bxd4 23. Rxd4 Qd7) 21. c4 {[%emt 0:01:44] And now cxd5 would win.} Nxd2 22. Bxd2 Qd7 23. Bf4 Rfd8 24. Red1 h6 25. Be5 Rac8 26. Qb2 Qa4 27. c5 Qd7 28. Nc3 (28. f4 $16) 28... Ne8 29. Bd4 {[%emt 0:00:58] White is much more active.} Bc6 30. Qe2 Nc7 31. Qg4 (31. Be5 $14) 31... f6 32. f4 Rb8 33. Rb1 Rb7 34. Rd2 Rdb8 35. Rdb2 Qe8 36. Qe2 {[%emt 0:02:34] Prevents e5.} Bf8 37. Qe3 Kh8 38. Bf1 Nb5 (38... Qf7 $14) 39. Nxb5 $16 Bxb5 40. Bh3 Bd7 41. Qe2 ({White should play} 41. Bc3 $16) 41... Rb5 $2 (41... Bb5 $1 $14 42. Qe3 (42. Qxe6 $2 Re7 $19) 42... Re7) 42. Qe1 $18 Qf7 43. Re2 (43. Bf1 $18 {and White stays clearly on top.}) 43... Re8 44. Rb3 Qh5 45. Bf1 (45. Bxe6 $2 Rxe6 46. Ree3 (46. Rxe6 $2 Bxe6 47. Re3 Bf5 $19) 46... Rxe3 47. Rxe3 Qf5 $19) ({White should try} 45. g4 $1 $18 Qg6 46. g5) 45... e5 46. fxe5 fxe5 {[%emt 0:00:01] [#]} 47. Rbe3 $1 ({But not} 47. Rxe5 $6 Rxe5 48. Qxe5 Qxe5 49. Bxe5 {[#]} Bxc5+ $1 50. Kg2 (50. bxc5 Rxb3 51. Bxa6 Kg8 $15) 50... Rxb4 $11) 47... e4 48. Rf2 {[%emt 0:00:02] Hoping for Qd2.} Qg6 49. Bxb5 Bxb5 50. Rf4 Be7 51. h4 {[%emt 0:00:39] Inhibits Bg5.} Bd8 52. Qf2 {[%emt 0:00:12][%cal Oh4h5] Black must now prevent h5!} Kg8 $1 53. Qg2 ({Better is} 53. Qa2 $14 Qe6 54. Rf2) 53... Bc7 $11 54. Rf2 Qg4 {[%emt 0:00:27] Prevents Qh3. aiming for ...Qd1+.} 55. Kh2 $1 Bd7 {[%emt 0:00:44] This bishop pair is nice.} 56. c6 Bc8 57. Rf4 Bxf4 58. gxf4 Qxh4+ (58... Qxf4+ $15 59. Qg3 g5) 59. Kg1 Bg4 (59... Re7 $11) 60. c7 (60. Qg3 $16 Qh5 61. b5 axb5 62. a6) 60... h5 61. Be5 Kh7 62. Qf2 (62. Rg3 $11) 62... Qe7 (62... Qxf2+ $1 $15 63. Kxf2 g5) 63. Qb2 {[%emt 0:00:31] The position is equal.} Rc8 64. Qc3 Bf3 65. Rxf3 exf3 66. Qxf3 {[%emt 0:00:02][%mdl 4096] Endgame KQR-KQB} ({Much worse is} 66. Qd3+ g6 67. Qxf3 Qd7 $15) 66... Qf7 67. Qh3 Qg6+ 68. Kf2 Qc2+ 69. Ke1 Qc1+ 70. Ke2 {[%emt 0:00:25] Threatening mate with Qf5+.} Qc2+ 71. Ke1 {[%emt 0:00:01] Really sharp!} Qc1+ {[%emt 0:01:43] Black defended with fortune.  Weighted Error Value: White=0.16 (very precise) /Black=0.15 (very precise)} 1/2-1/2

[Event "5th Sharjah Masters 2022"]
[Site "Sharjah"]
[Date "2022.05.27"]
[Round "7.29"]
[White "Vokhidov, Shamsiddin"]
[Black "Mastrovasilis, Athanasios"]
[Result "1-0"]
[ECO "C65"]
[WhiteElo "2536"]
[BlackElo "2540"]
[Annotator "TA"]
[PlyCount "61"]
[EventDate "2022.05.21"]
[EventType "swiss"]
[EventCountry "UAE"]
[SourceTitle "playchess.com"]
[Source "ChessBase"]
[SourceQuality "1"]
[TimeControl "5400+30"]

1. e4 e5 2. Nf3 Nc6 3. Bb5 Nf6 4. d3 Bc5 5. c3 d5 6. Nbd2 {[%emt 0:00:08] C65: Ruy Lopez: Berlin Defence (3...Nf6), unusual lines and 4 0-0 Bc5.} O-O 7. O-O {[%emt 0:00:04] [#]} a5 $146 ({Predecessor:} 7... dxe4 8. dxe4 a5 9. Qe2 Qe7 10. a4 Na7 11. Bd3 Nc6 12. Nc4 Rd8 13. Be3 Bg4 {0-1 (57) Sevian,S (2703)-Vidit,S (2723) Chess.com INT 2022}) 8. Bxc6 {[%emt 0:19:58] White is slightly better.} bxc6 9. Nxe5 Qe8 (9... Re8 $11) 10. Nef3 $1 $16 dxe4 11. Re1 $1 e3 {[%emt 0:29:47] [#]} 12. fxe3 Bf5 (12... Bxe3+ $2 13. Kf1 Ba6 14. Nc4 Bxc4 15. Bxe3 $18) 13. Qe2 Ba7 14. Kh1 Ng4 {[%emt 0:01:02][%cal Of5d3] aiming for ...Bxd3!} 15. Nd4 Qe5 {[%emt 0:03:14][%csl Gg4][%cal Re5h2] [#]} 16. Nf1 {[%emt 0:05:03] Pair of Knights!} Bd7 17. h3 Nf6 18. Nf3 Qh5 19. e4 Rae8 20. Be3 (20. Bf4 $18) 20... Bxe3 21. Qxe3 Ng4 22. Qd2 Ne5 23. Nxe5 Rxe5 24. Qf4 Rg5 25. Re3 (25. Qxc7 $2 Bxh3 26. Ng3 Qh4 $19) 25... f5 (25... Qg6 $16) 26. Rg3 ({Weaker is} 26. Qxc7 f4 27. Qxd7 fxe3 28. Nxe3 h6 $11) 26... Rg4 (26... Rg6 {is a better defense.} 27. Qxc7 Be6 28. Qxc6 (28. Qxa5 Qe2 $18) 28... fxe4) 27. Qxc7 $18 f4 28. Qxd7 ({Don't do} 28. Rxg4 $6 Bxg4 29. Qxc6 f3 30. Qd5+ Qxd5 31. exd5 fxg2+ 32. Kxg2 Bf3+ 33. Kg3 Bxd5 $18) 28... Rxg3 29. Qe6+ Kh8 {[%emt 0:00:17] ...Rg6 is the strong threat.} 30. Nxg3 fxg3 31. Qd6 {[%emt 0:00:14] Weighted Error Value: White=0.14 (very precise) /Black=0.28 (precise)} 1-0

[Event "5th Sharjah Masters 2022"]
[Site "Sharjah"]
[Date "2022.05.27"]
[Round "7.30"]
[White "Mammadzada, Gunay"]
[Black "Suleymanli, Aydin"]
[Result "1/2-1/2"]
[ECO "C07"]
[WhiteElo "2454"]
[BlackElo "2537"]
[Annotator "TA"]
[PlyCount "72"]
[EventDate "2022.05.21"]
[EventType "swiss"]
[EventCountry "UAE"]
[SourceTitle "playchess.com"]
[Source "ChessBase"]
[SourceQuality "1"]
[TimeControl "5400+30"]

1. e4 e6 2. d4 d5 3. Nd2 c5 4. exd5 Qxd5 5. dxc5 Bxc5 6. Ngf3 Nf6 7. Bc4 Qh5 8. O-O {[%emt 0:01:26] C07: French Tarrasch: 3...c5, 4 Ngf3 and 4 exd5 Qxd5.} Nc6 {[%emt 0:02:39] [#]} 9. a3 $146 ({Predecessor:} 9. Re1 O-O 10. h3 Rd8 11. Qe2 a6 12. c3 b5 13. Bb3 Bb7 14. Bc2 Ne7 15. Ne4 Nxe4 16. Bxe4 Bxe4 17. Qxe4 {0-1 (28) Katzir,M (2159)-Roshka,Y (2476) Chess.com INT 2020}) 9... a5 10. b3 {[%emt 0:13:06] White is slightly better.} b6 11. Bb2 Bb7 12. Be2 Rd8 13. Qe1 Qh6 14. Bd3 Nd5 15. Ne4 Nf4 ({Black should play} 15... Be7 $11) 16. Nxc5 $14 bxc5 17. Be4 {[%emt 0:05:16] Ne5 is the strong threat. This bishop pair is nice.} f5 18. Bxf5 $1 Nd4 (18... Nxg2 $1 $14 {deserves consideration.} 19. Qxe6+ (19. Kxg2 $2 Nd4 $19) 19... Qxe6 20. Bxe6 Rd6) 19. Nxd4 $16 cxd4 20. Be4 ({Avoid the trap} 20. Qxa5 $2 Qg5 21. Qb5+ Rd7 22. Qxb7 Rxb7 $19) 20... Ba6 {[%emt 0:00:12] [#]} 21. Qxa5 $1 Bxf1 22. Bc6+ (22. Rxf1 $6 O-O 23. g3 Nh3+ 24. Kh1 e5 $16) 22... Kf7 {[%emt 0:01:31][%cal Of1g2] [#] Threatens to win with ...Bxg2!} 23. Rxf1 (23. Qa7+ $1 $16 Kg8 24. Rxf1) 23... Rhf8 $1 $14 24. g3 (24. Qe5 $5 ) 24... Qg6 $1 {[%emt 0:07:57] The position is equal.} 25. Qe5 {[%emt 0:09:18] Inhibits Ne2+.} Nh3+ 26. Kg2 Qxc2 27. Bxd4 {[%emt 0:00:25][%csl Gd4][%cal Re5g7] The board is on fire.} Qxc6+ 28. Kxh3 Rd5 ({Don't do} 28... Qd5 29. Qxg7+ Ke8 30. Be3 $14) 29. Qxg7+ Ke8 30. Be5 (30. Qg4 $5 Rff5 31. f3 $14) 30... Qc2 {[%emt 0:02:19] aiming for ...Qe2.} 31. Bf4 {[%emt 0:06:22] Strongly threatening Rc1.} Qe4 32. Qg4 {[%emt 0:01:19] Prevents Rh5+.} Rff5 33. Qg8+ $1 Rf8 34. Qg4 {[%emt 0:00:04] Against Rh5+} Rff5 {[%emt 0:01:29] ( -> ...Rh5+)} 35. Qg8+ $1 Rf8 36. Qg4 {[%emt 0:00:05] Against Rh5+} Rff5 {[%emt 0:00:24] Weighted Error Value: White=0.11 (very precise) /Black=0.10 (very precise)} 1/2-1/2

[Event "5th Sharjah Masters 2022"]
[Site "Sharjah"]
[Date "2022.05.27"]
[Round "7.31"]
[White "Dimakiling, Oliver"]
[Black "Ivic, Velimir"]
[Result "1-0"]
[ECO "A28"]
[WhiteElo "2420"]
[BlackElo "2623"]
[Annotator "TA"]
[PlyCount "107"]
[EventDate "2022.05.21"]
[EventType "swiss"]
[EventCountry "UAE"]
[SourceTitle "playchess.com"]
[Source "ChessBase"]
[SourceQuality "1"]
[TimeControl "5400+30"]

1. c4 Nf6 2. Nc3 e5 3. Nf3 Nc6 4. e3 Bb4 5. Qc2 Bxc3 6. Qxc3 Qe7 7. Be2 O-O 8. O-O {[%emt 0:00:28] A28: English Opening: Four Knights Variation.} d5 9. cxd5 Nxd5 10. Qb3 {[%emt 0:00:18] The position is equal.} Nb6 11. d3 Be6 12. Qc2 a5 13. Bd2 {[%emt 0:01:09] [#]} f6 $146 ({Predecessor:} 13... Rfd8 14. Bc3 Bf5 15. e4 Bg4 16. Rac1 Nd7 17. Ne1 Bxe2 18. Qxe2 Nc5 19. f4 exf4 20. Rxf4 {0-1 (48) Thorfinnsson,B (2427)-Kjartansson,G (2466) Reykjavik 2020}) 14. Rfc1 Rfd8 15. e4 Qf7 16. b3 Rd7 17. Be3 Rad8 18. Qb2 Nc8 {[%emt 0:11:38] [#]} 19. Rxc6 $1 bxc6 20. Qc3 Ne7 21. d4 (21. Qxa5 $14 Kh8 22. Qc3) 21... exd4 22. Nxd4 Kh8 23. h3 f5 24. exf5 Bxf5 25. Nxc6 Nxc6 26. Qxc6 Rd6 27. Qc3 Be4 (27... Rg6 $5 28. Kh2 Qd5 $11) 28. Qxa5 Rg6 29. Bg4 Bd5 30. Rc1 $1 h5 31. Rxc7 Qe8 32. Rc5 Rgd6 $2 {[%emt 0:05:20] Loses the game.} (32... hxg4 $11 33. Rxd5 Rxd5 34. Qxd5 gxh3) 33. Be2 Qg6 34. Bf1 Ra8 (34... Kg8 $142 35. Bd4 Qf5) 35. Qb5 $18 (35. Rxd5 $2 Rxa5 36. Rxa5 Rd1 $19) 35... Qe4 36. a4 Rad8 37. Qe2 {[%emt 0:03:15] Threatens to win with a5.} Qg6 (37... Bxb3 {keeps fighting.} 38. Rxh5+ (38. Qxh5+ Kg8 $18) 38... Kg8) 38. b4 Rf8 $2 (38... Bf7 39. Rc1 Qe4) 39. Kh2 Qf5 40. Qb2 Qd7 $2 (40... Qe4 41. Qd4 (41. Rc7 Rg6 $17) 41... Qxd4 42. Bxd4 Bf7) 41. Qe5 Rf5 {[%emt 0:00:47] [#]} 42. Rc8+ $3 Qxc8 43. Qxd6 Qc2 44. Bd4 {[%emt 0:02:02] White wants to mate with Qh6+.} Qd2 {[%emt 0:00:51] Against Qh6+} 45. Qd7 Qf4+ 46. g3 Qg5 47. Bxg7+ Kg8 {[%emt 0:00:08] [#]} 48. Bd4 $1 ({Not} 48. f4 $2 Rxf4 49. Qe8+ Kxg7 $19) 48... h4 49. Qc8+ Kf7 (49... Rf8 $142 50. Qc7 Rf7 51. gxh4 Qxh4 52. Qg3+ Qxg3+ 53. Kxg3 Rc7) 50. Qc7+ Kg8 (50... Ke6 $142 51. Qc8+ Kf7 52. Qd7+ Kg8 53. gxh4 Qg6 54. Qd8+ Kf7 55. Qc7+ Kg8 56. Qd8+ Kf7) 51. gxh4 Qh6 52. Qd8+ Kf7 {[%emt 0:00:40] ...Qf4+ is the strong threat.} 53. Qd7+ Kg6 54. h5+ {[%emt 0:00:22] Weighted Error Value: White=0.40/Black=0.64} 1-0

[Event "5th Sharjah Masters 2022"]
[Site "Sharjah"]
[Date "2022.05.27"]
[Round "7.32"]
[White "Ortega Amarelle, Mariano"]
[Black "Msellek, Ilyass"]
[Result "1-0"]
[ECO "A11"]
[WhiteElo "2476"]
[BlackElo "2411"]
[Annotator "TA"]
[PlyCount "127"]
[EventDate "2022.05.21"]
[EventType "swiss"]
[EventCountry "UAE"]
[SourceTitle "playchess.com"]
[Source "ChessBase"]
[SourceQuality "1"]
[TimeControl "5400+30"]

1. Nf3 d5 2. g3 Nf6 3. Bg2 c6 4. O-O Bf5 5. c4 e6 6. cxd5 exd5 7. d3 Be7 8. Qb3 {[%emt 0:00:24] A11: English Opening: 1...c6.} Qb6 9. Qc2 O-O 10. Nc3 {[%emt 0:02:24] The position is equal.} h6 {[%emt 0:07:58] 10...h6 scores better than 10...Na6.} 11. e4 $1 Bh7 12. Be3 Qa6 13. Rfd1 {[%emt 0:01:57] [#]} Re8 $146 ({Predecessor:} 13... Nbd7 14. exd5 cxd5 15. Qb3 Rfd8 16. Qb5 Qxb5 17. Nxb5 a6 18. Nc3 Rac8 19. Bh3 g5 {0-1 (80) Firouzja,A (2749)-Le,Q (2709) chess24.com INT 2020}) 14. Qb3 Ng4 15. Bd4 Nd7 16. h3 (16. exd5 c5 17. Be3 (17. Bh3 $2 cxd4 18. Nb5 Nc5 $17) 17... Bxd3 $15) 16... Ngf6 17. exd5 Bxd3 18. dxc6 bxc6 {[%emt 0:00:18] [#]} 19. Nd5 $1 Bc4 20. Nxe7+ Rxe7 21. Qc3 $36 {[%emt 0:03:06][%mdl 2048] White is more active.} Bd5 22. a3 (22. Bxf6 $5 Nxf6 23. Nd4 $11) 22... Rae8 23. Rac1 Qb7 24. b4 {[%emt 0:00:23] Against c5} Ne4 25. Qd3 Ndf6 26. Nh4 Re6 27. Nf5 Ng5 ({Better is} 27... h5 $14) 28. Bxd5 $16 Nxd5 (28... cxd5 $16 {was called for.} 29. Kg2 Nge4) 29. h4 $1 $18 (29. Bxg7 $2 Nxh3+ 30. Kf1 {[#]} (30. Kg2 $2 Nhf4+ 31. gxf4 Nxf4+ 32. Kh2 Nxd3 $19) 30... Ndf4 $1 31. gxf4 Nxf4 32. Nxh6+ (32. Qc4 $2 c5 $19) 32... Rxh6 $1 33. Bxh6 Nxd3 34. Rxd3 Qb5 $19) 29... Nh3+ 30. Kh2 c5 $2 (30... g6 {was worth a try.} 31. Nxh6+ (31. Kxh3 gxf5 32. Qxf5 Rd6 $18) 31... Kh7 32. Nxf7 (32. Kxh3 Kxh6 33. Rc5 Kh7 $18) 32... Qxf7 33. Kxh3 Kg8) 31. Kxh3 $2 (31. Bxg7 Nxb4 32. axb4 Nxf2 $18) (31. bxc5 $18 {is the precise move to win.} Nxf2 32. Bxf2) 31... cxd4 $16 32. Qxd4 Re5 $2 (32... Nf6 $16) 33. Qg4 $18 g6 34. Nd6 ({Weaker is} 34. Nxh6+ Kh7 $16) 34... h5 35. Qxg6+ ({Less strong is} 35. Nxb7 hxg4+ 36. Kg2 Nf6 $16) 35... fxg6 36. Nxb7 Nf6 37. Rc2 Ng4 38. Rd8 Rxd8 39. Nxd8 {[%emt 0:00:02][%mdl 4096] Endgame KRN-KRN} Re1 40. Ra2 {[%emt 0:01:01] Inhibits Ra1.} Rc1 41. Kg2 Kf8 42. Ne6+ Kf7 43. Nf4 Rc3 44. a4 Nf6 45. b5 Rc4 46. Nd3 {[%emt 0:01:27] Ne5+ is the strong threat.} Nd7 {[%emt 0:00:34] Against Ne5+} 47. Ra3 Ke6 48. a5 Kd6 49. Kf3 Rc8 50. Rb3 Kd5 51. Nf4+ (51. b6 axb6 52. Nf4+ Kc4 $18) 51... Kc4 52. Rb1 Ne5+ 53. Ke4 Re8 54. b6 {[%emt 0:00:20] Threatens to win with Rc1+.} axb6 (54... Nd3+ {might work better.} 55. Kf3 Ne1+ 56. Rxe1 Rxe1 57. bxa7 Re8 58. Nxg6 Ra8) 55. axb6 {[%emt 0:00:04] White is clearly winning.} Nd3+ 56. Kf3 {[%emt 0:00:43] And now Nxd3 would win.} Ne1+ (56... Ne5+ $142 57. Kg2 Rb8) 57. Rxe1 Rxe1 58. Nxg6 {[%emt 0:00:07] KR-KN} Rb1 59. Nf4 {[%emt 0:00:07] Hoping for Ke4.} Rb3+ (59... Rxb6 $142 60. Nxh5 Kd5) 60. Ke4 Rxb6 61. Nxh5 Re6+ 62. Kf5 Re2 63. f4 Kd5 64. Nf6+ {[%emt 0:01:03] Weighted Error Value: White=0.17 (very precise) /Black=0.39} 1-0

[Event "5th Sharjah Masters 2022"]
[Site "Sharjah"]
[Date "2022.05.27"]
[Round "7.33"]
[White "Gunina, Valentina"]
[Black "Zawadzka, Jolanta"]
[Result "0-1"]
[ECO "B23"]
[WhiteElo "2471"]
[BlackElo "2409"]
[Annotator "TA"]
[PlyCount "98"]
[EventDate "2022.05.21"]
[EventType "swiss"]
[EventCountry "UAE"]
[SourceTitle "playchess.com"]
[Source "ChessBase"]
[SourceQuality "1"]
[TimeControl "5400+30"]

1. e4 c5 2. Nc3 Nc6 3. Nge2 Nd4 4. Nxd4 cxd4 5. Ne2 d5 6. e5 {[%emt 0:03:32] B23: Closed Sicilian: Lines without g3.} Qc7 7. f4 {[%emt 0:00:31] [#]} Qb6 $146 ({Predecessor:} 7... Bg4 8. h3 d3 9. cxd3 Bd7 10. b3 e6 11. Bb2 Qb6 12. Bd4 Bc5 13. Bxc5 Qxc5 {½-½ (37) Fremmegaard,J (2337)-Fluit,J (2327) ICCF email 2020}) 8. c3 {[%emt 0:00:38] White is slightly better.} dxc3 9. dxc3 e6 10. Nd4 Bd7 {[%emt 0:02:43] Inhibits Bb5.} 11. f5 exf5 12. Bd3 Bc5 13. Be3 (13. Bxf5 $142 Bxf5 14. Nxf5) 13... Ne7 14. e6 (14. O-O $11) 14... fxe6 $17 15. b4 $1 {[%emt 0:01:50] [#]} Bxb4 16. cxb4 $11 Qxb4+ 17. Qd2 Qxd2+ 18. Kxd2 e5 {[%emt 0:00:17] [#] Prevents Bf4.} 19. Nb3 (19. Bg5 $1 $11) 19... Kf7 (19... b6 $15) 20. Rhf1 b6 21. Rac1 Rac8 22. Ba6 ({Better is} 22. Rce1 $1 $15) 22... Rxc1 23. Rxc1 Ke6 24. Bg5 {[%emt 0:01:29] [#]} (24. Bc5 $1 $11) 24... Nc6 $1 $17 25. Bb7 (25. a4 $17) 25... h6 $19 26. Bh4 Kd6 27. Bg3 (27. Bxc6 $17 Bxc6 28. Be7+ Kd7 29. Ba3) 27... f4 28. Bf2 g5 29. g3 Rb8 (29... Nd8 $19 30. Ba6 Ne6) 30. Bxc6 $17 Bxc6 31. gxf4 gxf4 32. Rg1 {[%emt 0:00:05] Against Rg8} Re8 33. Bh4 (33. Rg6+ $17 Re6 34. Rg7) 33... d4 $19 34. Rg7 Kd5 35. Bf6 $2 (35. Ke1) 35... a5 {[%emt 0:02:57][%cal Ba7a5,Ba5a4][%mdl 32] Strongly threatening ...a4.} 36. Rg6 (36. Ke1 $142) 36... f3 37. Bh4 $2 (37. Ke1 {is the only way for White.} Rc8 38. Rxh6) 37... a4 {[%emt 0:01:44] Black is clearly winning.} 38. Na1 e4 {[%emt 0:01:10][%cal Be5e4,Be4e3][%mdl 32] aiming for ...e3+.} 39. Nc2 e3+ 40. Kc1 Bb5 {[%emt 0:03:30] ...f2 is the strong threat.} 41. Rf6 f2 42. Bxf2 exf2 43. Rxf2 {[%emt 0:00:03][%mdl 4096] Endgame KRB-KRN} Bc4 44. Rf6 (44. Rf5+ $142 Re5 45. Nb4+ Kd6 46. Rf2) 44... d3 45. Na3 b5 46. Rxh6 Re2 {[%emt 0:00:39] And now ...Kc5 would win.} 47. Rh5+ Kc6 48. Nb1 Rc2+ 49. Kd1 Rxa2 {[%emt 0:00:05] Weighted Error Value: White=0.63/Black=0.15 (very precise)} 0-1